 Dungeon Crawl Stone Soup version 0.30-a0-331-g8ab09dc110 (webtiles) character file.

Game seed: 9092335603015953394

5317 koil the Fighter (level 10, -9/110 HPs)
             Began as an Ogre Cinder Acolyte on Oct 30, 2022.
             Was a High Priest of Ignis.
             Succumbed to Grum's poison
             ... on level 9 of the Dungeon.
             The game lasted 00:35:57 (11110 turns).

koil the Fighter (Ogre Cinder Acolyte)             Turns: 11110, Time: 00:35:57

Health: -9/110     AC:  8    Str: 20    XL:     10   Next: 64%
Magic:  3/21       EV:  9    Int: 19    God:    Ignis [*****.]
Gold:   316        SH:  0    Dex:  4    Spells: 22/24 levels left

rFire   + + .      SeeInvis .    a - +6 dagger of Resourcefulness {freeze, Contam rElec Will++}
rCold   x . .      Faith    .    (no shield)
rNeg    . . .      Spirit   .    m - +0 acid dragon scales
rPois   .          Reflect  .    C - +0 hat
rElec   +          Harm     .    B - +0 cloak
rCorr   +          Rampage  .    (gloves unavailable)
Will    +++..                    (boots unavailable)
Stlth   ..........               I - amulet of the acrobat
HPRegen 0.38/turn                k - ring of fire
MPRegen 0.17/turn                (no ring)

@: lethally poisoned (-9 -> -90)
A: large, unfitting armour, tough skin 1
a: Renounce Religion, Fiery Armour, Foxfire Swarm, Rising Flame


You were on level 9 of the Dungeon.
You worshipped Ignis.
Ignis was extremely pleased with you.
You visited 2 branches of the dungeon, and saw 10 of its levels.
You also visited: Sewer.

You collected 521 gold pieces.
You spent 205 gold pieces at shops.

Inventory:

Hand Weapons
 a - the +6 dagger of Resourcefulness (weapon) {freeze, Contam rElec Will++}
   (You found it on level 2 of the Dungeon)

   It freezes those it strikes, dealing additional cold damage.
   It can also slow down cold-blooded creatures.
   rElec:     It insulates you from electricity.
   Contam:    It causes magical contamination when unequipped.
   Will:      It greatly increases your willpower.
 c - a +1 whip of freezing
 h - a +4 battleaxe
 i - a +3 spear
 n - a +1 dagger of electrocution
 r - a +1 dagger of venom
 v - a +5 short sword
 K - a +2 whip of pain
Missiles
 d - 4 curare-tipped darts
 o - 22 poisoned darts
 z - 3 atropa-tipped darts
Armour
 b - a +1 robe
 m - +0 acid dragon scales (worn)
 B - a +0 cloak (worn)
 C - a +0 hat (worn)
 M - the +0 scale mail of Gravity {Int+2}
   (You found it on level 9 of the Dungeon)

   Int:       It affects your intelligence (+2).
Jewellery
 k - a ring of fire (left hand)
 s - a ring of poison resistance
 y - a ring of willpower
 I - an amulet of the acrobat (around neck)
Scrolls
 e - a scroll of blinking
 f - 2 scrolls of fear
 g - a scroll of magic mapping
 l - 2 scrolls of torment
 q - 2 scrolls of teleportation
 F - 2 scrolls of poison
 G - 2 scrolls of vulnerability
 H - a scroll of immolation
 J - a scroll of fog
 L - 2 scrolls of silence
Potions
 j - 2 potions of curing
 p - 2 potions of flight
 t - a potion of cancellation
 u - a potion of ambrosia
 w - 3 potions of might
 x - 2 potions of heal wounds
 A - 2 potions of magic
 D - a potion of mutation
 E - a potion of haste


   Skills:
 + Level 10.0 Fighting
 + Level 6.0 Short Blades
 - Level 3.3 Axes
 + Level 5.1 Dodging
 + Level 7.5 Spellcasting
 * Level 7.8 Fire Magic


You had 22 spell levels left.
You knew the following spells:

 Your Spells              Type           Power      Damage    Failure   Level
a - Scorch                Fire           100%       2d10      1%          2

Your spell library contained the following spells:

 Spells                   Type           Power      Damage    Failure   Level
 Magic Dart               Conj           28%        1d4       13%         1
 Summon Small Mammal      Summ           28%        N/A       13%         1
 Call Imp                 Summ           7%         N/A       19%         2
 Static Discharge         Conj/Air       14%        2-3/arc   19%         2
 Call Canine Familiar     Summ           7%         N/A       36%         3
 Mephitic Cloud           Conj/Pois/Air  7%         N/A       36%         3
 Summon Guardian Golem    Hex/Summ       7%         N/A       36%         3
 Vhi's Electric Charge    Tloc/Air       14%        N/A       36%         3
 Arcjolt                  Conj/Air       3%         1d13      98%         5
 Lightning Bolt           Conj/Air       3%         1d15      98%         5


Dungeon Overview and Level Annotations

Branches:
Dungeon (9/15)             Temple (1/1) D:7           Sewer (visited)
   Lair: D:8-11         Orc: D:9-12

Altars:
Elyvilon
Gozag
Makhleb
Nemelex Xobeh
Okawaru
Ru
Sif Muna
Trog
Yredelemnul
Zin
The Shining One

Shops:
D:6 ?*!   D:8 [


Innate Abilities, Weirdness & Mutations

You are too large for most types of armour.
You have tough skin. (AC +1)


Message History

You feel a surge of power!
Flames lash Grum.
Grum is lightly wounded.
Grum's fire resistance burns away.
Grum hits you from afar with a +0 spear of venom.
You are poisoned.
Grum hits you from afar with a +0 spear of venom!
You are more poisoned.
You feel a surge of power!
Flames lash Grum.
Grum is burned terribly!
Grum is heavily wounded.
You feel very sick. Grum barely misses you.
You feel a surge of power!
Flames lash Grum.
Grum is burned terribly!
Grum is severely wounded.
You feel very sick.
Grum hits you from afar with a +0 spear of venom.
You are more poisoned.
Grum hits you but does no damage.
You are more poisoned.
You feel a surge of power!
Flames lash Grum but do no damage.
You feel extremely sick.
Grum hits you from afar with a +0 spear of venom!
You are more poisoned.
Unknown command.
You are too injured to fight recklessly!
Casting: Scorch (safe; 1% risk of failure)
Confirm with . or Enter, or press ? or * to list all spells.
You feel a surge of power!
Flames lash Grum.
Grum is burned terribly!
Grum is almost dead.
You feel extremely sick.
Grum hits you from afar with a +0 spear of venom!
* * * LOW HITPOINT WARNING * * *
You are more poisoned.
Grum hits you from afar with a +0 spear of venom!
* * * LOW HITPOINT WARNING * * *
You are more poisoned.
Casting: Scorch (safe; 1% risk of failure)
Confirm with . or Enter, or press ? or * to list all spells.
You feel a surge of power!
Flames lash Grum.
Grum is burned terribly!
You kill Grum!
You die...

.# ###.# ....# ...$#
..g# ...# #####†.#
##.@.).# ##..#####
###..#############
..###...####..........
........).............
###.##.#######..........
.#. #. #.......... # ...
. ###.######## #
#.##########...# #


There were no monsters in sight!

Vanquished Creatures
  Pikel (D:8)
  3 yaks (D:8)
  Grum (D:9)
  A steam dragon (D:8)
  An acid dragon (D:8)
  An orc warrior (D:8)
  2 sky beasts (D:8)
  A black bear (D:5)
  3 ice beasts
  4 ogres
  2 wolves (D:9)
  2 centaurs
  2 phantoms
  4 bullfrogs
  2 kobold brigands
  2 necrophages (D:6)
  4 scorpions
  8 wights (D:8)
  5 killer bees (D:9)
  An electric eel (D:7)
  2 howler monkeys
  7 hounds
  4 jellies
  5 orc priests
  5 iguanas
  7 orc wizards
  A hell rat (Sewer)
  Robin (D:3)
  10 gnolls
  5 adders
  2 river rats (Sewer)
  2 shadow imps (D:6)
  3 white imps
  2 ufetubi
  5 worms
  6 dart slugs
  46 orcs
  11 bats
  7 endoplasms
  8 giant cockroaches
  22 goblins
  13 hobgoblins
  7 jackals
  28 kobolds
  3 quokkas
  8 ball pythons
  5 frilled lizards
  7 rats
  A spectral orc (D:9)
283 creatures vanquished.

Vanquished Creatures (others)
  3 plants
3 creatures vanquished.

Grand Total: 286 creatures vanquished

Notes
Turn   | Place    | Note
-------+----------+-------------------------------------------
     0 | D:1      | koil the Ogre Cinder Acolyte began the quest for the Orb.
     0 | D:1      | Reached XP level 1. HP: 24/24 MP: 2/2
     4 | D:1      | Noticed a black mamba
     7 | D:1      | Noticed an elephant
    33 | D:1      | Reached XP level 2. HP: 27/32 MP: 4/4
    36 | D:1      | Learned a level 2 spell: Scorch
   303 | D:1      | Reached XP level 3. HP: 39/39 MP: 5/5
   872 | D:2      | Identified the +6 dagger of Resourcefulness {freeze, Contam
                  | rElec Will++}
  1151 | D:2      | Reached XP level 4. HP: 45/49 MP: 7/7
  1470 | D:3      | Noticed Robin
  1480 | D:3      | Killed Robin
  2201 | D:3      | Reached XP level 5. HP: 53/55 MP: 8/8
  2381 | D:3      | Found a burning altar of Makhleb.
  2436 | D:3      | Found an iron altar of Okawaru.
  2497 | D:3      | Found a glowing silver altar of Zin.
  2530 | D:3      | Reached skill level 1 in Short Blades
  2530 | D:3      | Reached skill level 1 in Dodging
  2737 | D:3      | Found a sparkling altar of Nemelex Xobeh.
  2949 | D:4      | Reached skill level 5 in Fighting
  2989 | D:4      | Reached XP level 6. HP: 12/66 MP: 6/10
  3612 | D:4      | Reached XP level 7. HP: 59/72 MP: 11/11
  4493 | D:4      | Found a sacrificial altar of Ru.
  4535 | D:5      | Entered Level 5 of the Dungeon
  4577 | D:5      | HP: 1/74 [ogre/+0 giant spiked club (17)]
  4835 | D:5      | Reached skill level 5 in Fire Magic
  4852 | D:5      | Found a glowing drain.
  4867 | D:5      | Reached skill level 6 in Fighting
  4870 | Sewer    | Entered a sewer
  5014 | D:5      | Reached XP level 8. HP: 58/84 MP: 1/13
  5543 | D:5      | Found a shimmering blue altar of Sif Muna.
  5917 | D:6      | Reached skill level 7 in Fighting
  6113 | D:6      | Found Gint's Assorted Antiques.
  6144 | D:6      | Found Asotel's Distillery.
  6145 | D:6      | Found Teulonuli's Magic Scroll Boutique.
  6149 | D:6      | Bought a potion of mutation for 80 gold pieces
  6149 | D:6      | Bought a potion of heal wounds for 50 gold pieces
  6153 | D:6      | Bought a scroll of noise for 15 gold pieces
  6153 | D:6      | Bought a scroll of poison for 60 gold pieces
  6632 | D:6      | Reached skill level 5 in Spellcasting
  6914 | D:6      | Reached XP level 9. HP: 93/93 MP: 6/16
  7503 | D:7      | Reached skill level 8 in Fighting
  7589 | D:7      | Found a white marble altar of Elyvilon.
  8297 | D:7      | Found a staircase to the Ecumenical Temple.
  8554 | D:7      | Identified the +4 spear "Ceageng" {venom, rC++ Dex-2}
  8983 | Temple   | Entered the Ecumenical Temple
  9164 | D:8      | Noticed Pikel
  9177 | D:8      | Killed Pikel
  9278 | D:8      | Reached skill level 5 in Dodging
  9294 | D:8      | Reached skill level 9 in Fighting
  9294 | D:8      | Reached skill level 5 in Short Blades
  9494 | D:8      | Found Moarph's Antique Armour Emporium.
  9494 | D:8      | Found an opulent altar of Gozag.
  9540 | D:8      | Reached XP level 10. HP: 70/107 MP: 13/19
 10688 | D:9      | Found a basalt altar of Yredelemnul.
 10858 | D:9      | Reached skill level 10 in Fighting
 11093 | D:9      | Identified the +0 scale mail of Gravity {Int+2}
 11098 | D:9      | Noticed Grum
 11110 | D:9      | Killed Grum
 11110 | D:9      | Succumbed to Grum's poison

Illustrated notes

Levels and vault maps discovered:
D:1:      sevenhm_arrival_forest_fort_small_2, layout_basic
D:2:      layout_loops_ring
D:3:      layout_loops_ring, mainiacjoe_overflow_swirl,
          mainiacjoe_overflow_large_starburst, uniq_robin
D:4:      corexii_shantytown, layout_loops_ring, lemuel_coloured_pillars_altar
D:5:      layout_rooms, mainiacjoe_overflow_alcove_1,
          cheibrodos_sewer_entry_bend
D:6:      layout_basic, st_stairs_10, nicolae_wooded_promenade,
          minmay_alternating_orb
D:7:      layout_basic, nicolae_elyvilon_temple_path, minmay_temple_entry_fiery
D:8:      layout_loops_cross, mainiacjoe_overflow_tiny_flanked, serial_shops,
          nicolae_shop_advertising_works [nicolae_subvault_shop_adworks],
          minmay_chambers_of_fives, uniq_pikel
D:9:      layout_rooms, yredelemnul_forgotten_temple_becter, lair_entry_dummy,
          uniq_maurice, uniq_grum, uniq_psyche
Temple:   hellmonk_temple_forest_ring

Skill      XL: |  1  2  3  4  5  6  7  8  9 10 |
---------------+-------------------------------+-----
Fire Magic     | 3 4 5 6 7 |  7.8
Spellcasting   | 2 3 5 6 7 |  7.5
Short Blades   | 1 2 3 5 6 |  6.0
Dodging        | 1 2 3 5 |  5.1
Fighting       | 5 6 7 9 10 | 10.0
Axes           | |  3.3

Action                   |  1- 3 |  4- 6 |  7- 9 | 10-12 || total
-------------------------+-------+-------+-------+-------++-------
Melee: Hand axe          |    92 |       |       |       ||    92
       Dagger            |    14 |   196 |   216 |    63 ||   489
       Punch             |       |     2 |     1 |       ||     3
Throw: Dart              |       |       |     5 |       ||     5
 Cast: Scorch            |     5 |    11 |   122 |    81 ||   219
  Use: Scroll            |       |       |    20 |     2 ||    22
       Potion            |       |       |     1 |       ||     1
Armor: Robe              |    51 |    53 |    42 |     1 ||   147
       Acid dragon scale |       |       |       |    30 ||    30
Dodge: Dodged            |    59 |    70 |   110 |    30 ||   269

Table legend: (Time is in decaauts)
 A = Elapsed time spent in this place.
 B = Non-inter-level travel time spent in this place.
 C = Inter-level travel time spent in this place.
 D = Time resting spent in this place.
 E = Time spent auto-exploring this place.
 F = Levels seen in this place.
 G = Mean time per level.
                   A        B        C        D        E       F      G
               +--------+--------+--------+--------+--------+-----+--------+
         Total |  11074 |  10554 |    520 |   1514 |   7072 |  11 | 1006.7 |
       Dungeon |  10938 |  10418 |    520 |   1514 |   7072 |   9 | 1215.3 |
        Temple |     31 |     31 |      0 |      0 |      0 |   1 |   31.0 |
         Sewer |    104 |    104 |      0 |      0 |      0 |   1 |  104.0 |
               +--------+--------+--------+--------+--------+-----+--------+

Top non-repeatable levels by time:
     D:4: 1850 daAuts
     D:6: 1629 daAuts
     D:8: 1601 daAuts
     D:7: 1543 daAuts
     D:3: 1297 daAuts
     D:5: 983 daAuts
     D:2: 901 daAuts
     D:1: 716 daAuts
     D:9: 415 daAuts
   Sewer: 104 daAuts
  Temple: 31 daAuts
